 Dungeon Crawl Stone Soup version 0.30-a0-1018-g25214051b3 (webtiles) character file.

Game seed: 13915368638042799718

3602 Kauriferous the Blocker (level 9, -9/82 HPs)
             Began as a Minotaur Fighter on Apr 7, 2023.
             Was a Believer of Okawaru.
             Mangled by a skeletal warrior
             ... wielding a +0 scimitar
             ... led by a death knight
              (23 damage)
             ... on level 9 of the Dungeon.
             The game lasted 00:46:16 (7809 turns).

Kauriferous the Blocker (Minotaur Fighter)          Turns: 7809, Time: 00:46:16

Health: -9/82      AC: 19    Str: 24    XL:     9   Next: 86%
Magic:  9/11       EV:  9    Int:  5    God:    Okawaru [**....]
Gold:   204        SH:  7    Dex: 11    Spells: 8/8 levels left

rFire   . . .      SeeInvis +    D - +1 broad axe (drain)
rCold   . . .      Faith    .    c - +0 buckler
rNeg    . . .      Spirit   .    o - +0 plate armour
rPois   .          Reflect  .    (helmet restricted)
rElec   .          Rampage  .    B - +0 cloak
rCorr   .                        (no gloves)
Will    .....                    t - +0 pair of boots Stlth
                                 (no amulet)
HPRegen 0.33/turn                e - +4 ring of slaying
MPRegen 0.12/turn                I - ring of see invisible

@: heroic
A: horns 2, retaliatory headbutt
a: Renounce Religion, Heroism


You were on level 9 of the Dungeon.
You worshipped Okawaru.
Okawaru was pleased with you.
You visited 2 branches of the dungeon, and saw 11 of its levels.

You collected 414 gold pieces.
You spent 210 gold pieces at shops.

Inventory:

Hand Weapons
 a - a +0 war axe
 D - a +1 broad axe of draining (weapon)
Missiles
 y - a silver boomerang (quivered)
 A - 29 poisoned darts
Armour
 c - a +0 buckler (worn)
 o - a +0 plate armour (worn)
 t - a +0 pair of boots (worn)
 B - a +0 cloak (worn)
Jewellery
 e - a +4 ring of slaying (left hand)
 x - a ring of magical power
 E - a ring of poison resistance
 I - a ring of see invisible (right hand)
Wands
 f - a wand of charming (11)
 h - a wand of roots (8)
 G - a wand of flame (14)
 N - a wand of polymorph (2)
Scrolls
 j - a scroll of amnesia
 m - 3 scrolls of noise
 p - a scroll of butterflies
 z - 2 scrolls of identify
 C - a scroll of enchant weapon
 F - a scroll of magic mapping
Potions
 b - a potion of brilliance
 d - 2 potions of might
 g - 3 potions of curing
 k - a potion of mutation {unknown}
 l - a potion of ambrosia
 n - a potion of resistance
 q - a potion of flight
 s - 2 potions of degeneration
 u - a potion of lignification
 K - a potion of berserk rage
 M - 3 potions of cancellation


   Skills:
 + Level 8.8(13.8) Fighting
 + Level 8.2(13.2) Axes
 + Level 8.8(13.8) Armour
 + Level 8.8(13.8) Shields
 + Level 4.7 Invocations


You had 8 spell levels left.
You didn't know any spells.
Your spell library contained the following spells:

 Spells                   Type           Power      Damage    Failure   Level
 Freeze                   Ice            0%         1d3       99%         1
 Frozen Ramparts          Ice            0%         1d1       100%        3
 Hailstorm                Conj/Ice       0%         3d3       100%        3


Dungeon Overview and Level Annotations

Branches:
Dungeon (10/15)            Temple (1/1) D:6             Orc (0/2) D:10
   Lair: D:8-11

Altars:
Ashenzari
Cheibriados
Dithmenos
Fedhas
Gozag
Hepliaklqana
Kikubaaqudgha
Makhleb
Nemelex Xobeh
Okawaru
Qazlal
Ru
Sif Muna
Trog
Uskayaw
Vehumet
Wu Jian
Xom
Yredelemnul
Zin
The Shining One

Shops:
D:1 (   D:3 (   D:7 (


Innate Abilities, Weirdness & Mutations

You have a pair of horns on your head.
You reflexively headbutt those who attack you in melee.


Message History

You block the yak's attack.
The goblin throws a boomerang.
The boomerang closely misses you. The yak gores you!
The yak bellows!
You block the yak's attack.
You climb upwards.
The death knight offers itself to Yredelemnul, and fills with unholy energy.
There is a stone staircase leading down here.
As you read the scroll labelled TEONIGE EPPI, it crumbles to dust.
The creatures around you are filled with an inner flame!
It was a scroll of immolation.
The yak gores you but does no damage.
Found 7 stones and a book of Touch.
As you read the scroll labelled VUPOMO KUURACE, it crumbles to dust.
You assume a fearsome visage.
The yak looks frightened!
The death knight looks frightened!
The skeletal warrior is unaffected.
It was a scroll of fear.
You block the skeletal warrior's attack.
The skeletal warrior completely misses you.
You furiously retaliate!
You headbutt the skeletal warrior!
Flame seeps out of the skeletal warrior.
The skeletal warrior attacks as you move away!
The skeletal warrior hits you with a +0 scimitar!
* * * LOW HITPOINT WARNING * * *
There is a stone staircase leading down here.
The death knight's dark mirror aura disappears.
You block the skeletal warrior's attack.
You climb downwards.
You hear the roar of battle.
There is an entrance to a bailey on this level.
Hurry and find it before the portal closes forever!
The yak gores you.
* * * LOW HITPOINT WARNING * * *
The yak gores you.
* * * LOW HITPOINT WARNING * * *
You block the yak's attack.
There is a stone staircase leading up, spattered with blood here.
You gain the combat prowess of a mighty hero.
Okawaru will no longer gift you throwing weapons.
You block the yak's attack. The yak barely misses you. You furiously retaliate!
You headbutt the yak! The yak closely misses you.
The skeletal warrior hits you with a +0 scimitar!!
You die...

##### ##### #...#
##...###
###...######..†...#
#.............>...#
####.................#
...............#######
#...g.....#
#..zYY....##
#$..@........#
#..))Y.......#
#...[...)....#
#.....Y....###
#.(.......##
#..........#
............#
#............#
#............#


You could see a skeletal warrior (inner flame), 4 yaks and a goblin.

Vanquished Creatures
  A phantasmal warrior (D:7)
  A kobold demonologist (D:10)
  A hornet (D:9)
  A shadow (D:9)
  Sigmund (D:2)
  2 wraiths
  Eustachio (D:6)
  An acid dragon (D:10)
  An ice beast (D:5)
  An orc warrior (D:8)
  4 black bears
  2 centaurs (D:8)
  2 kobold brigands
  A bullfrog (D:7)
  3 scorpions
  4 killer bees
  2 orc priests
  Crazy Yiuf (D:2)
  A gnoll bouda (D:4)
  Jessica (D:2)
  4 iguanas
  2 orc wizards
  3 gnolls (D:4)
  9 adders
  3 white imps
  2 ufetubi (D:5)
  A worm (D:5)
  3 dart slugs
  25 orcs
  6 bats
  A bat zombie (D:5)
  9 endoplasms
  2 giant cockroaches
  9 goblins
  5 hobgoblins
  7 jackals
  16 kobolds
  5 quokkas
  6 ball pythons
  A frilled lizard (D:1)
  8 rats
  3 rat zombies (D:5)
162 creatures vanquished.

Notes
Turn   | Place    | Note
-------+----------+-------------------------------------------
     0 | D:1      | Kauriferous the Minotaur Fighter began the quest for the
                  | Orb.
     0 | D:1      | Reached XP level 1. HP: 19/19 MP: 0/0
    25 | D:1      | Reached XP level 2. HP: 21/27 MP: 1/1
    28 | D:1      | Found Ifyubis's Antique Weapon Shoppe.
   312 | D:1      | Reached XP level 3. HP: 33/33 MP: 2/2
   990 | D:2      | Identified the +1 helmet of Kikubaaqudgha's Fury {SInv}
  1029 | D:2      | Noticed Sigmund
  1186 | D:3      | Reached XP level 4. HP: 41/41 MP: 3/3
  1266 | D:3      | Found Fonnus's Weapon Shop.
  1314 | D:3      | Found a hazy altar of Hepliaklqana.
  1412 | D:3      | Found a broken altar of Ashenzari.
  1621 | D:3      | Found a sacrificial altar of Ru.
  1719 | D:3      | You fall into a shaft and drop 1 floor!
  1755 | D:4      | Reached XP level 5. HP: 47/47 MP: 4/4
  1804 | D:4      | Reached skill level 5 in Fighting
  1807 | D:4      | Reached skill level 5 in Shields
  1809 | D:4      | Reached skill level 5 in Armour
  1986 | D:4      | Noticed a black bear
  2200 | D:4      | Killed a black bear
  2201 | D:4      | Reached XP level 6. HP: 56/56 MP: 5/5
  2562 | D:5      | Entered Level 5 of the Dungeon
  2573 | D:5      | Found an ancient bone altar of Kikubaaqudgha.
  2876 | D:5      | Noticed an ice beast
  2886 | D:5      | Killed an ice beast
  2887 | D:5      | Reached skill level 5 in Axes
  2887 | D:5      | Reached XP level 7. HP: 62/62 MP: 6/6
  3787 | D:2      | Noticed Jessica
  3796 | D:2      | Killed Jessica
  3939 | D:2      | Found a bloodstained altar of Trog.
  3981 | D:2      | Found a runed translucent door.
  3982 | D:2      | Noticed Crazy Yiuf
  3989 | D:2      | Killed Crazy Yiuf
  4350 | D:2      | Killed Sigmund
  4419 | D:1      | Bought a glowing broad axe for 210 gold pieces
  4710 | D:6      | Found a staircase to the Ecumenical Temple.
  4738 | Temple   | Entered the Ecumenical Temple
  4832 | Temple   | Became a worshipper of Warmaster Okawaru
  5114 | D:6      | Noticed Eustachio
  5152 | D:6      | Killed Eustachio
  5153 | D:6      | Reached XP level 8. HP: 60/71 MP: 7/7
  5164 | D:6      | Reached skill level 1 in Invocations
  5741 | D:7      | Reached * piety under Okawaru
  6080 | D:7      | Found Pukhakhlu's Antique Weapon Shop.
  6506 | D:8      | Noticed a death knight
  6506 | D:8      | Noticed a phantasmal warrior
  6590 | D:7      | Killed a phantasmal warrior
  6590 | D:7      | Reached ** piety under Okawaru
  6591 | D:7      | Reached XP level 9. HP: 38/81 MP: 8/10
  6744 | D:8      | Noticed a skeletal warrior
  7181 | D:10     | Entered Level 10 of the Dungeon
  7208 | D:10     | Found a staircase to the Orcish Mines.
  7234 | D:10     | Found a shimmering blue altar of Sif Muna.
  7338 | D:10     | Noticed a kobold demonologist
  7345 | D:10     | Killed a kobold demonologist
  7451 | D:10     | Noticed a queen bee
  7718 | D:9      | Paralysed by a hornet for 1 turns
  7724 | D:9      | Reached *** piety under Okawaru
  7809 | D:9      | Mangled by a skeletal warrior

Illustrated notes

Levels and vault maps discovered:
D:1:      eino_arrival_water_star, layout_rooms, serial_shops, shop
D:2:      layout_basic, basic_altar, uniq_crazy_yiuf_cottage, uniq_sigmund,
          uniq_jessica
D:3:      layout_loops_cross, nicolae_ru_the_path_less_chosen,
          grunt_temple_overflow_open, serial_shops,
          nicolae_shop_bloodbath_and_beyond, minmay_fountain_box
D:4:      layout_rooms, nicolae_zen_rock_garden
D:5:      layout_basic, lemuel_zombie_altar_kikubaaqudgha
D:6:      layout_rooms, minmay_temple_entry_water_ring, uniq_eustachio
D:7:      layout_basic, serial_shops, shop
D:8:      layout_rooms
D:9:      layout_cross, elyvilon_altar_5, enter_bailey_5
D:10:     layout_roguey [special_room_bee], overflow_temple_1_default,
          orc_0_dummy, moated_statue, grunt_ministairs_3
Temple:   minmay_temple_bridge_d

Skill      XL: |  1  2  3  4  5  6  7  8  9 |
---------------+----------------------------+-----
Armour         | 4 5 6 7 8 |  8.8
Fighting       | 4 5 6 7 8 |  8.8
Shields        | 4 5 6 8 |  8.8
Axes           | 3 4 5 7 8 |  8.2
Invocations    | 3 4 |  4.7

Action                     |  1- 3 |  4- 6 |  7- 9 || total
---------------------------+-------+-------+-------++-------
  Melee: War axe           |    79 |    86 |    24 ||   189
         Headbutt          |     8 |     8 |    25 ||    41
         Broad axe         |       |       |   131 ||   131
  Throw: Dart              |       |    14 |    18 ||    32
         Javelin           |       |       |    21 ||    21
         Boomerang         |       |       |     1 ||     1
 Invoke: Heroism           |       |       |     3 ||     3
  Evoke: Wand              |       |       |     1 ||     1
    Use: Scroll            |       |     7 |    16 ||    23
         Potion            |       |       |     1 ||     1
 Armour: Scale mail        |    52 |       |       ||    52
         Plate armour      |    17 |    66 |   147 ||   230
  Dodge: Dodged            |    45 |    35 |    84 ||   164
  Block: Buckler           |    13 |    18 |    69 ||   100

Table legend: (Time is in decaauts)
 A = Elapsed time spent in this place.
 B = Non-inter-level travel time spent in this place.
 C = Inter-level travel time spent in this place.
 D = Time resting spent in this place.
 E = Time spent auto-exploring this place.
 F = Levels seen in this place.
 G = Mean time per level.
                   A        B        C        D        E       F      G
               +--------+--------+--------+--------+--------+-----+--------+
         Total |   7956 |   7092 |    864 |    910 |   4729 |  11 |  723.3 |
       Dungeon |   7727 |   6901 |    826 |    910 |   4544 |  10 |  772.7 |
        Temple |    228 |    190 |     38 |      0 |    185 |   1 |  228.0 |
               +--------+--------+--------+--------+--------+-----+--------+

Top non-repeatable levels by time:
     D:7: 1605 daAuts
     D:5: 1196 daAuts
     D:2: 1097 daAuts
     D:4: 886 daAuts
     D:3: 764 daAuts
     D:1: 681 daAuts
     D:6: 635 daAuts
    D:10: 317 daAuts
     D:8: 274 daAuts
     D:9: 268 daAuts
  Temple: 228 daAuts
